2705 views
Uploaded 2020-02-28 20:35:18
Game version 1.32.2
21:13 long 4on4 ladder game on (8)Feralas_LV
Saved by BEARAND
2705 views
Uploaded 2020-02-28 20:35:18
Game version 1.32.2
21:13 long 4on4 ladder game on (8)Feralas_LV


118 units @ 10.1k
/ 0.8k
185 buildings @ 15.9k
/ 7.4k



| Orb of Venom | 3 | 975 |
| Lesser Clarity Potion | 1 | 70 |
| Moonstone | 1 | 50 |
| Boots of Speed | 3 | 750 |
| Staff of Teleportation | 3 | 450 |
| Scroll of Regeneration | 1 | 100 |
| Staff of Sanctuary | 1 | 250 |
| Healing Salve | 1 | 100 |
| total: | 14 | 2745g |
| Wisp | 34 | 2040 | / | 0 |
| total: | 34 | 2040g | / | 0w |
| Altar of Elders | 1 | 180 | / | 50 |
| Moon Well | 18 | 3240 | / | 720 |
| Tree of Life | 2 | 680 | / | 370 |
| Hunter's Hall | 1 | 210 | / | 100 |
| Ancient of Wonders | 6 | 540 | / | 180 |
| Tree of Ages | 1 | 320 | / | 180 |
| Tree of Eternity | 1 | 330 | / | 200 |
| total: | 28 | 4850g | / | 1420w |
| 0:01 | Wisp |
| 0:06 | Wisp |
| 0:16 | Altar of Elders |
| 0:17 | Wisp |
| 0:33 | Moon Well |
| 0:34 | Wisp |
| 0:45 | Wisp |
| 0:52 | Wisp |
| 1:09 | Wisp |
| 1:32 | Wisp |
| 1:35 | Moon Well |
| 1:44 | Wisp |
| 2:02 | Wisp |
| 2:21 | Shadow Strike |
| 2:36 | Wisp |
| 2:40 | Wisp |
| 2:58 | Wisp |
| 3:21 | Wisp |
| 3:59 | Wisp |
| 4:12 | Moon Well |
| 4:28 | Boots of Speed |
| 5:02 | Tree of Ages |
| 5:10 | Moon Well |
| 5:43 | Tree of Life |
| 5:56 | Tree of Life |
| 6:12 | Moon Well |
| 6:26 | Blink |
| 7:08 | Moon Well |
| 7:49 | Staff of Teleportation |
| 7:53 | Tree of Eternity |
| 7:57 | Wisp |
| 7:57 | Wisp |
| 7:57 | Wisp |
| 7:57 | Wisp |
| 7:58 | Wisp |
| 9:11 | Breath of Fire |
| 9:31 | Boots of Speed |
| 9:31 | Staff of Teleportation |
| 9:34 | Wisp |
| 9:35 | Wisp |
| 9:35 | Wisp |
| 9:46 | Hunter's Hall |
| 10:33 | Nature's Blessing |
| 11:08 | Wisp |
| 11:08 | Wisp |
| 11:08 | Wisp |
| 11:16 | Well Spring |
| 11:16 | Ultravision |
| 11:29 | Cluster Rockets |
| 11:36 | Ancient of Wonders |
| 11:37 | Wisp |
| 11:37 | Wisp |
| 11:40 | Ancient of Wonders |
| 11:42 | Moon Well |
| 11:43 | Moon Well |
| 11:48 | Scroll of Regeneration |
| 11:51 | Staff of Sanctuary |
| 12:17 | Wisp |
| 12:18 | Wisp |
| 12:24 | Ancient of Wonders |
| 12:28 | Moon Well |
| 12:29 | Moon Well |
| 12:32 | Ancient of Wonders |
| 12:39 | Moon Well |
| 12:41 | Moon Well |
| 12:43 | Ancient of Wonders |
| 12:44 | Shadow Strike |
| 13:35 | Boots of Speed |
| 13:39 | Moon Well |
| 13:44 | Drunken Haze |
| 14:14 | Moon Well |
| 14:18 | Moon Well |
| 14:20 | Moon Well |
| 14:22 | Ancient of Wonders |
| 14:32 | Orb of Venom |
| 14:34 | Orb of Venom |
| 14:43 | Healing Salve |
| 14:46 | Lesser Clarity Potion |
| 14:56 | Staff of Teleportation |
| 15:11 | Wisp |
| 15:11 | Wisp |
| 15:11 | Wisp |
| 15:11 | Wisp |
| 16:49 | Orb of Venom |
| 17:11 | Engineering Upgrade |
| 17:17 | Moon Well |
| 18:35 | Breath of Fire |
| 19:32 | Moon Well |
| 19:56 | Moonstone |
| Right click | 1337 |
| Select group | 550 |
| Assign group | 345 |
| Select | 230 |
| Resource trade | 157 |
| Build/train/purchase | 97 |
| Use ability | 84 |
| Misc. action | 21 |
| Item give/drop | 5 |



| Staff of Sanctuary | 3 | 750 |
| Scroll of Regeneration | 1 | 100 |
| Staff of Teleportation | 2 | 300 |
| Boots of Speed | 2 | 500 |
| Periapt of Vitality | 1 | 325 |
| Circlet of Nobility | 1 | 175 |
| Healing Salve | 2 | 200 |
| Orb of Lightning | 1 | 375 |
| Orb of Venom | 1 | 325 |
| Staff of Preservation | 1 | 150 |
| total: | 15 | 3200g |
| Peasant | 20 | 1500 | / | 0 |
| total: | 20 | 1500g | / | 0w |
| Scout Tower | 32 | 960 | / | 640 |
| Guard Tower | 16 | 1120 | / | 800 |
| Arcane Tower | 5 | 350 | / | 250 |
| Altar of Kings | 1 | 180 | / | 50 |
| Farm | 7 | 560 | / | 140 |
| Lumber Mill | 1 | 120 | / | 0 |
| Town Hall | 1 | 385 | / | 205 |
| Arcane Vault | 2 | 260 | / | 60 |
| Arcane Sanctum | 1 | 150 | / | 140 |
| Keep | 1 | 320 | / | 210 |
| Castle | 1 | 360 | / | 210 |
| total: | 45 | 2615g | / | 1235w |
| 0:01 | Peasant |
| 0:06 | Altar of Kings |
| 0:10 | Peasant |
| 0:17 | Farm |
| 0:19 | Peasant |
| 0:28 | Peasant |
| 0:33 | Lumber Mill |
| 0:37 | Peasant |
| 1:12 | Peasant |
| 1:22 | Scout Tower |
| 1:23 | Scout Tower |
| 1:25 | Peasant |
| 1:34 | Peasant |
| 1:38 | Farm |
| 1:47 | Guard Tower |
| 1:51 | Peasant |
| 1:59 | Peasant |
| 2:07 | Blizzard |
| 2:15 | Guard Tower |
| 2:16 | Scout Tower |
| 2:44 | Brilliance Aura |
| 2:48 | Scout Tower |
| 2:50 | Peasant |
| 3:18 | Peasant |
| 3:18 | Peasant |
| 3:27 | Town Hall |
| 3:28 | Scout Tower |
| 3:28 | Scout Tower |
| 3:31 | Guard Tower |
| 3:32 | Guard Tower |
| 3:34 | Arcane Vault |
| 3:56 | Guard Tower |
| 3:57 | Guard Tower |
| 3:59 | Scout Tower |
| 3:59 | Scout Tower |
| 4:03 | Peasant |
| 4:07 | Farm |
| 4:08 | Farm |
| 4:09 | Farm |
| 4:14 | Improved Masonry |
| 4:25 | Scout Tower |
| 4:26 | Guard Tower |
| 4:30 | Guard Tower |
| 4:54 | Scout Tower |
| 4:59 | Scout Tower |
| 5:00 | Scout Tower |
| 5:01 | Scout Tower |
| 5:03 | Scout Tower |
| 5:04 | Scout Tower |
| 5:06 | Guard Tower |
| 5:24 | Peasant |
| 5:47 | Keep |
| 5:49 | Peasant |
| 5:50 | Arcane Tower |
| 6:01 | Scout Tower |
| 6:01 | Arcane Tower |
| 6:04 | Peasant |
| 6:07 | Healing Salve |
| 7:02 | Arcane Tower |
| 7:02 | Arcane Tower |
| 7:37 | Blizzard |
| 7:40 | Arcane Tower |
| 7:41 | Scout Tower |
| 7:42 | Scout Tower |
| 8:21 | Castle |
| 8:22 | Advanced Masonry |
| 8:22 | Improved Lumber Harvesting |
| 8:27 | Guard Tower |
| 9:13 | Scout Tower |
| 9:14 | Scout Tower |
| 9:23 | Storm Bolt |
| 10:02 | Staff of Teleportation |
| 10:03 | Boots of Speed |
| 10:57 | Guard Tower |
| 10:59 | Scout Tower |
| 10:59 | Scout Tower |
| 11:01 | Peasant |
| 11:03 | Staff of Sanctuary |
| 11:04 | Scroll of Regeneration |
| 11:13 | Imbued Masonry |
| 11:13 | Advanced Lumber Harvesting |
| 11:14 | Peasant |
| 11:17 | Arcane Sanctum |
| 11:34 | Guard Tower |
| 11:43 | Healing Salve |
| 11:52 | Guard Tower |
| 11:52 | Scout Tower |
| 11:53 | Scout Tower |
| 12:33 | Holy Light |
| 13:13 | Staff of Teleportation |
| 13:15 | Boots of Speed |
| 14:07 | Arcane Vault |
| 14:09 | Guard Tower |
| 14:11 | Scout Tower |
| 14:12 | Scout Tower |
| 14:13 | Scout Tower |
| 14:14 | Scout Tower |
| 14:15 | Peasant |
| 14:17 | Magic Sentry |
| 14:20 | Priest Adept Training |
| 14:22 | Staff of Sanctuary |
| 14:26 | Orb of Lightning |
| 15:13 | Farm |
| 15:14 | Farm |
| 15:16 | Guard Tower |
| 15:20 | Staff of Sanctuary |
| 15:35 | Orb of Venom |
| 15:37 | Staff of Preservation |
| 16:00 | Bash |
| 17:01 | Brilliance Aura |
| 17:02 | Divine Shield |
| 17:30 | Guard Tower |
| 17:31 | Scout Tower |
| 17:32 | Scout Tower |
| 17:33 | Scout Tower |
| 17:34 | Scout Tower |
| 19:12 | Storm Bolt |
| 20:18 | Periapt of Vitality |
| 20:20 | Circlet of Nobility |
| Right click | 1377 |
| Select | 931 |
| Select group | 436 |
| Build/train/purchase | 123 |
| Use ability | 70 |
| Assign group | 62 |
| Minimap ping | 15 |
| Misc. action | 6 |
| Resource trade | 6 |
| Item give/drop | 4 |



| Staff of Sanctuary | 3 | 750 |
| Staff of Teleportation | 3 | 450 |
| Boots of Speed | 3 | 750 |
| Circlet of Nobility | 2 | 350 |
| Periapt of Vitality | 1 | 325 |
| Orb of Lightning | 2 | 750 |
| total: | 14 | 3375g |
| Peasant | 15 | 1125 | / | 0 |
| Priest | 1 | 135 | / | 10 |
| Sorceress | 1 | 155 | / | 20 |
| total: | 17 | 1415g | / | 30w |
| Scout Tower | 64 | 1920 | / | 1280 |
| Arcane Tower | 5 | 350 | / | 250 |
| Guard Tower | 58 | 4060 | / | 2900 |
| Altar of Kings | 1 | 180 | / | 50 |
| Farm | 3 | 240 | / | 60 |
| Lumber Mill | 1 | 120 | / | 0 |
| Town Hall | 1 | 385 | / | 205 |
| Arcane Vault | 2 | 260 | / | 60 |
| Arcane Sanctum | 1 | 150 | / | 140 |
| Keep | 1 | 320 | / | 210 |
| Castle | 2 | 720 | / | 420 |
| total: | 73 | 3255g | / | 1795w |
| 0:02 | Peasant |
| 0:02 | Peasant |
| 0:08 | Altar of Kings |
| 0:19 | Farm |
| 0:21 | Peasant |
| 0:30 | Farm |
| 0:36 | Peasant |
| 1:01 | Peasant |
| 1:03 | Lumber Mill |
| 1:05 | Peasant |
| 1:22 | Scout Tower |
| 1:26 | Peasant |
| 1:26 | Peasant |
| 1:29 | Scout Tower |
| 1:31 | Peasant |
| 1:48 | Arcane Tower |
| 1:49 | Scout Tower |
| 1:56 | Arcane Tower |
| 1:57 | Scout Tower |
| 2:03 | Scout Tower |
| 2:10 | Blizzard |
| 2:19 | Scout Tower |
| 2:21 | Scout Tower |
| 2:23 | Guard Tower |
| 2:31 | Guard Tower |
| 2:32 | Peasant |
| 2:32 | Peasant |
| 2:33 | Peasant |
| 2:33 | Peasant |
| 2:33 | Peasant |
| 2:48 | Guard Tower |
| 2:48 | Peasant |
| 3:14 | Scout Tower |
| 3:16 | Scout Tower |
| 3:18 | Guard Tower |
| 3:20 | Scout Tower |
| 3:20 | Scout Tower |
| 3:23 | Brilliance Aura |
| 3:29 | Scout Tower |
| 3:56 | Staff of Teleportation |
| 3:56 | Boots of Speed |
| 4:01 | Keep |
| 4:06 | Guard Tower |
| 4:08 | Guard Tower |
| 5:02 | Town Hall |
| 5:12 | Guard Tower |
| 5:13 | Scout Tower |
| 5:13 | Scout Tower |
| 5:25 | Guard Tower |
| 5:27 | Scout Tower |
| 5:28 | Scout Tower |
| 5:30 | Scout Tower |
| 5:31 | Scout Tower |
| 5:55 | Guard Tower |
| 5:56 | Scout Tower |
| 5:57 | Scout Tower |
| 5:58 | Scout Tower |
| 5:58 | Scout Tower |
| 6:10 | Farm |
| 6:24 | Guard Tower |
| 6:24 | Guard Tower |
| 6:25 | Guard Tower |
| 6:25 | Guard Tower |
| 6:28 | Improved Masonry |
| 7:06 | Guard Tower |
| 7:20 | Advanced Masonry |
| 7:31 | Blizzard |
| 7:36 | Guard Tower |
| 7:36 | Guard Tower |
| 7:39 | Scout Tower |
| 7:39 | Scout Tower |
| 7:40 | Scout Tower |
| 7:40 | Scout Tower |
| 7:42 | Scout Tower |
| 7:43 | Scout Tower |
| 7:43 | Scout Tower |
| 7:44 | Scout Tower |
| 7:44 | Scout Tower |
| 7:45 | Scout Tower |
| 7:45 | Scout Tower |
| 7:46 | Scout Tower |
| 7:49 | Storm Bolt |
| 8:07 | Guard Tower |
| 8:09 | Guard Tower |
| 8:14 | Boots of Speed |
| 8:20 | Circlet of Nobility |
| 8:55 | Arcane Vault |
| 8:58 | Arcane Vault |
| 8:58 | Castle |
| 9:00 | Imbued Masonry |
| 9:04 | Guard Tower |
| 9:04 | Guard Tower |
| 9:29 | Guard Tower |
| 9:30 | Guard Tower |
| 9:39 | Guard Tower |
| 9:40 | Guard Tower |
| 9:42 | Arcane Sanctum |
| 9:49 | Guard Tower |
| 9:54 | Scout Tower |
| 9:55 | Scout Tower |
| 9:55 | Scout Tower |
| 10:27 | Guard Tower |
| 11:00 | Bash |
| 11:06 | Magic Sentry |
| 11:07 | Priest |
| 11:13 | Scout Tower |
| 11:14 | Scout Tower |
| 11:14 | Scout Tower |
| 11:14 | Scout Tower |
| 11:15 | Guard Tower |
| 11:17 | Scout Tower |
| 11:18 | Scout Tower |
| 11:18 | Scout Tower |
| 11:19 | Scout Tower |
| 11:20 | Scout Tower |
| 11:20 | Scout Tower |
| 11:23 | Scout Tower |
| 11:24 | Scout Tower |
| 11:24 | Scout Tower |
| 11:27 | Scout Tower |
| 11:27 | Scout Tower |
| 11:28 | Scout Tower |
| 11:28 | Scout Tower |
| 11:29 | Scout Tower |
| 11:54 | Arcane Tower |
| 12:10 | Staff of Sanctuary |
| 12:27 | Holy Light |
| 12:29 | Staff of Teleportation |
| 13:21 | Boots of Speed |
| 13:21 | Periapt of Vitality |
| 13:22 | Circlet of Nobility |
| 13:55 | Guard Tower |
| 14:02 | Priest Adept Training |
| 14:03 | Sorceress |
| 14:03 | Sorceress Adept Training |
| 14:06 | Guard Tower |
| 14:07 | Arcane Tower |
| 14:07 | Guard Tower |
| 14:25 | Staff of Sanctuary |
| 14:42 | Staff of Sanctuary |
| 14:56 | Orb of Lightning |
| 15:22 | Guard Tower |
| 15:22 | Guard Tower |
| 15:24 | Guard Tower |
| 15:25 | Guard Tower |
| 15:28 | Scout Tower |
| 15:29 | Scout Tower |
| 15:30 | Scout Tower |
| 15:30 | Scout Tower |
| 15:31 | Scout Tower |
| 15:43 | Scout Tower |
| 15:44 | Scout Tower |
| 15:44 | Scout Tower |
| 15:45 | Scout Tower |
| 16:40 | Brilliance Aura |
| 17:03 | Staff of Teleportation |
| 17:38 | Guard Tower |
| 18:40 | Storm Bolt |
| 19:57 | Orb of Lightning |
| 20:00 | Guard Tower |
| Right click | 2114 |
| Select | 869 |
| Build/train/purchase | 324 |
| Select group | 284 |
| Chat | 206 |
| Use ability | 78 |
| Misc. action | 25 |
| Assign group | 15 |
| Item give/drop | 9 |
| Minimap ping | 5 |
| Resource trade | 5 |
| Remove unit | 1 |

| Lesser Clarity Potion | 6 | 420 |
| Healing Salve | 3 | 300 |
| Orb of Lightning | 1 | 375 |
| Tiny Great Hall | 1 | 600 |
| Scroll of Speed | 1 | 50 |
| Scroll of Town Portal | 1 | 350 |
| Staff of Teleportation | 2 | 300 |
| Boots of Speed | 1 | 250 |
| Moonstone | 1 | 50 |
| total: | 17 | 2695g |
| Peon | 28 | 2100 | / | 0 |
| Troll Batrider | 19 | 3040 | / | 760 |
| total: | 47 | 5140g | / | 760w |
| Watch Tower | 24 | 2640 | / | 1920 |
| Altar of Storms | 1 | 180 | / | 50 |
| Orc Burrow | 4 | 640 | / | 160 |
| War Mill | 1 | 205 | / | 0 |
| Voodoo Lounge | 4 | 520 | / | 120 |
| Great Hall | 1 | 385 | / | 185 |
| Beastiary | 4 | 580 | / | 560 |
| Stronghold | 1 | 315 | / | 190 |
| Fortress | 1 | 325 | / | 190 |
| total: | 39 | 5150g | / | 2995w |
| 0:03 | Peon |
| 0:03 | Peon |
| 0:06 | Altar of Storms |
| 0:09 | Orc Burrow |
| 0:32 | Peon |
| 0:41 | Peon |
| 0:49 | War Mill |
| 1:00 | Voodoo Lounge |
| 1:06 | Peon |
| 1:06 | Peon |
| 1:06 | Peon |
| 1:17 | Peon |
| 1:28 | Orc Burrow |
| 1:42 | Peon |
| 1:48 | Peon |
| 1:57 | Peon |
| 2:09 | Watch Tower |
| 2:10 | Wind Walk |
| 2:12 | Lesser Clarity Potion |
| 2:12 | Lesser Clarity Potion |
| 2:12 | Healing Salve |
| 2:13 | Healing Salve |
| 2:30 | Peon |
| 2:41 | Watch Tower |
| 2:58 | Stronghold |
| 3:12 | Watch Tower |
| 4:01 | Watch Tower |
| 4:29 | Critical Strike |
| 4:39 | Great Hall |
| 4:46 | Watch Tower |
| 4:47 | Watch Tower |
| 4:49 | Orc Burrow |
| 4:53 | Staff of Teleportation |
| 4:53 | Boots of Speed |
| 5:07 | Watch Tower |
| 5:25 | Beastiary |
| 5:28 | Reinforced Defenses |
| 6:04 | Fortress |
| 6:14 | Orc Burrow |
| 6:29 | Beastiary |
| 6:49 | Troll Batrider |
| 6:56 | Watch Tower |
| 7:40 | Peon |
| 7:40 | Peon |
| 7:40 | Peon |
| 7:40 | Peon |
| 7:42 | Watch Tower |
| 7:44 | Watch Tower |
| 7:54 | Lesser Clarity Potion |
| 7:57 | Healing Salve |
| 8:00 | Lesser Clarity Potion |
| 8:00 | Lesser Clarity Potion |
| 8:10 | Watch Tower |
| 8:12 | Peon |
| 8:31 | Troll Batrider |
| 8:41 | Wind Walk |
| 8:42 | Wind Walk |
| 8:45 | Liquid Fire |
| 8:45 | Troll Batrider |
| 8:52 | Peon |
| 8:52 | Peon |
| 9:06 | Troll Batrider |
| 9:43 | Troll Batrider |
| 9:58 | Watch Tower |
| 10:00 | Watch Tower |
| 10:01 | Troll Batrider |
| 10:23 | Troll Batrider |
| 10:44 | Critical Strike |
| 11:05 | Troll Batrider |
| 11:06 | Steel Ranged Weapons |
| 11:07 | Steel Armor |
| 11:08 | Spiked Barricades |
| 11:15 | Lesser Clarity Potion |
| 11:20 | Orb of Lightning |
| 11:22 | Tiny Great Hall |
| 11:28 | Peon |
| 11:45 | Voodoo Lounge |
| 12:21 | Voodoo Lounge |
| 12:27 | Voodoo Lounge |
| 12:49 | Scroll of Speed |
| 12:49 | Scroll of Town Portal |
| 13:23 | Watch Tower |
| 13:23 | Watch Tower |
| 13:24 | Watch Tower |
| 13:24 | Watch Tower |
| 14:10 | Wind Walk |
| 14:11 | Wind Walk |
| 14:14 | Troll Batrider |
| 14:14 | Troll Batrider |
| 14:14 | Troll Batrider |
| 14:15 | Peon |
| 14:15 | Peon |
| 14:16 | Peon |
| 14:16 | Peon |
| 14:18 | Peon |
| 14:18 | Peon |
| 14:18 | Peon |
| 14:19 | Peon |
| 14:39 | Beastiary |
| 14:42 | Beastiary |
| 15:16 | Staff of Teleportation |
| 15:37 | Watch Tower |
| 15:38 | Watch Tower |
| 15:38 | Watch Tower |
| 15:39 | Watch Tower |
| 15:39 | Watch Tower |
| 15:41 | Watch Tower |
| 15:42 | Watch Tower |
| 15:57 | Troll Batrider |
| 16:25 | Bladestorm |
| 16:41 | Moonstone |
| 16:47 | Troll Batrider |
| 17:07 | Troll Batrider |
| 17:52 | Troll Batrider |
| 18:04 | Troll Batrider |
| 18:09 | Troll Batrider |
| 18:24 | Troll Batrider |
| 19:35 | Troll Batrider |
| 19:49 | Critical Strike |
| 20:23 | Thorium Ranged Weapons |
| 20:24 | Thorium Armor |
| Right click | 988 |
| Select group | 417 |
| Select | 225 |
| Build/train/purchase | 160 |
| Chat | 64 |
| Use ability | 61 |
| Assign group | 50 |
| Misc. action | 13 |
| Item give/drop | 5 |
| Esc | 5 |
| Resource trade | 4 |
| Minimap ping | 1 |
209 units @ 23.7k
/ 2.7k
74 buildings @ 13.6k
/ 6k



| Scroll of Town Portal | 2 | 700 |
| Dust of Appearance | 1 | 75 |
| Scroll of Healing | 1 | 250 |
| total: | 4 | 1025g |
| Wisp | 28 | 1680 | / | 0 |
| Archer | 11 | 1430 | / | 110 |
| Glaive Thrower | 7 | 1470 | / | 455 |
| Chimaera | 2 | 660 | / | 140 |
| total: | 48 | 5240g | / | 705w |
| Ancient Protector | 4 | 540 | / | 320 |
| Altar of Elders | 1 | 180 | / | 50 |
| Moon Well | 6 | 1080 | / | 240 |
| Ancient of War | 1 | 150 | / | 60 |
| Tree of Life | 3 | 1020 | / | 555 |
| Hunter's Hall | 1 | 210 | / | 100 |
| Chimaera Roost | 2 | 280 | / | 380 |
| Tree of Ages | 1 | 320 | / | 180 |
| Tree of Eternity | 1 | 330 | / | 200 |
| total: | 18 | 3460g | / | 1705w |
| 0:03 | Altar of Elders |
| 0:05 | Wisp |
| 0:11 | Moon Well |
| 0:13 | Moon Well |
| 0:22 | Ancient of War |
| 0:30 | Wisp |
| 0:39 | Wisp |
| 0:52 | Wisp |
| 1:15 | Wisp |
| 1:16 | Wisp |
| 1:25 | Archer |
| 1:37 | Wisp |
| 1:41 | Wisp |
| 1:50 | Archer |
| 1:57 | Moon Well |
| 2:09 | Mana Burn |
| 2:39 | Moon Well |
| 2:50 | Archer |
| 2:52 | Archer |
| 2:59 | Archer |
| 3:11 | Evasion |
| 3:14 | Archer |
| 3:40 | Archer |
| 3:53 | Moon Well |
| 4:14 | Archer |
| 4:21 | Tree of Life |
| 4:40 | Tree of Life |
| 4:45 | Archer |
| 4:58 | Moon Well |
| 5:02 | Mana Burn |
| 5:23 | Tree of Life |
| 5:45 | Wisp |
| 5:45 | Wisp |
| 5:45 | Wisp |
| 5:45 | Wisp |
| 6:01 | Wisp |
| 6:01 | Wisp |
| 6:01 | Wisp |
| 6:01 | Wisp |
| 7:13 | Archer |
| 7:13 | Archer |
| 7:20 | Hunter's Hall |
| 7:24 | Tree of Ages |
| 7:45 | Wisp |
| 7:45 | Wisp |
| 7:45 | Wisp |
| 7:45 | Wisp |
| 7:47 | Wisp |
| 10:07 | Evasion |
| 10:15 | Tree of Eternity |
| 10:19 | Glaive Thrower |
| 10:19 | Glaive Thrower |
| 10:19 | Glaive Thrower |
| 11:15 | Searing Arrows |
| 11:25 | Vorpal Blades |
| 11:29 | Strength of the Moon |
| 13:23 | Chimaera Roost |
| 13:24 | Chimaera Roost |
| 14:12 | Glaive Thrower |
| 14:12 | Glaive Thrower |
| 14:27 | Scroll of Town Portal |
| 14:39 | Dust of Appearance |
| 14:50 | Ancient Protector |
| 14:51 | Ancient Protector |
| 14:57 | Ancient Protector |
| 14:59 | Ancient Protector |
| 15:00 | Wisp |
| 15:01 | Wisp |
| 15:01 | Wisp |
| 15:01 | Wisp |
| 15:06 | Chimaera |
| 15:09 | Chimaera |
| 15:09 | Corrosive Breath |
| 15:17 | Wisp |
| 15:17 | Wisp |
| 15:17 | Wisp |
| 15:20 | Well Spring |
| 15:41 | Entangling Roots |
| 16:46 | Glaive Thrower |
| 16:46 | Glaive Thrower |
| 17:34 | Scroll of Town Portal |
| 17:36 | Scroll of Healing |
| Right click | 1273 |
| Select group | 334 |
| Select | 207 |
| Build/train/purchase | 80 |
| Chat | 64 |
| Assign group | 55 |
| Use ability | 51 |
| Misc. action | 3 |
| Item give/drop | 3 |
| Minimap ping | 3 |
| Remove unit | 1 |
| Esc | 1 |

| Boots of Speed | 1 | 250 |
| Periapt of Vitality | 1 | 325 |
| total: | 2 | 575g |
| Wisp | 30 | 1800 | / | 0 |
| Archer | 10 | 1300 | / | 100 |
| Hippogryph | 9 | 1440 | / | 180 |
| Mountain Giant | 4 | 1400 | / | 400 |
| total: | 53 | 5940g | / | 680w |
| Ancient Protector | 3 | 405 | / | 240 |
| Altar of Elders | 1 | 180 | / | 50 |
| Moon Well | 11 | 1980 | / | 440 |
| Ancient of War | 1 | 150 | / | 60 |
| Ancient of Wonders | 1 | 90 | / | 30 |
| Hunter's Hall | 1 | 210 | / | 100 |
| Tree of Life | 1 | 340 | / | 185 |
| Ancient of Wind | 1 | 150 | / | 140 |
| Ancient of Lore | 1 | 155 | / | 145 |
| Tree of Ages | 1 | 320 | / | 180 |
| Tree of Eternity | 1 | 330 | / | 200 |
| total: | 21 | 3660g | / | 1390w |
| 0:06 | Altar of Elders |
| 0:10 | Moon Well |
| 0:14 | Wisp |
| 0:14 | Wisp |
| 0:42 | Wisp |
| 0:43 | Wisp |
| 0:43 | Wisp |
| 0:44 | Wisp |
| 0:48 | Wisp |
| 0:55 | Wisp |
| 1:15 | Ancient of War |
| 2:01 | Ancient of Wonders |
| 2:24 | Archer |
| 2:24 | Archer |
| 2:35 | Moon Well |
| 2:40 | Wisp |
| 3:05 | Tree of Ages |
| 3:12 | Archer |
| 3:13 | Archer |
| 3:24 | Fan of Knives |
| 3:48 | Moon Well |
| 4:36 | Blink |
| 5:21 | Hunter's Hall |
| 5:27 | Ancient of Wind |
| 5:47 | Archer |
| 5:47 | Archer |
| 5:49 | Improved Bows |
| 5:54 | Tree of Eternity |
| 6:52 | Boots of Speed |
| 6:54 | Periapt of Vitality |
| 7:07 | Shadow Strike |
| 7:37 | Hippogryph |
| 7:37 | Hippogryph |
| 7:37 | Hippogryph |
| 7:37 | Hippogryph |
| 7:38 | Hippogryph |
| 7:42 | Hippogryph |
| 7:52 | Ancient of Lore |
| 8:22 | Moon Well |
| 8:23 | Moon Well |
| 8:28 | Moon Well |
| 9:57 | Archer |
| 10:02 | Archer |
| 10:08 | Marksmanship |
| 10:19 | Hardened Skin |
| 11:03 | Hippogryph |
| 11:20 | Wisp |
| 11:21 | Wisp |
| 11:21 | Wisp |
| 11:23 | Wisp |
| 11:24 | Wisp |
| 11:24 | Wisp |
| 11:24 | Wisp |
| 11:30 | Resistant Skin |
| 11:31 | Mountain Giant |
| 12:18 | Tree of Life |
| 12:22 | Wisp |
| 12:22 | Wisp |
| 12:23 | Wisp |
| 12:23 | Wisp |
| 12:49 | Mountain Giant |
| 13:14 | Moon Well |
| 14:31 | Wisp |
| 14:31 | Wisp |
| 14:31 | Wisp |
| 14:32 | Wisp |
| 14:32 | Wisp |
| 14:39 | Ancient Protector |
| 14:41 | Wisp |
| 14:41 | Wisp |
| 14:55 | Ancient Protector |
| 15:07 | Ancient Protector |
| 15:10 | Wisp |
| 15:10 | Wisp |
| 15:41 | Wisp |
| 15:48 | Mountain Giant |
| 16:23 | Mountain Giant |
| 16:29 | Hippogryph |
| 16:30 | Hippogryph |
| 16:49 | Moon Well |
| 16:49 | Moon Well |
| 16:50 | Moon Well |
| 16:52 | Moon Well |
| 20:28 | Archer |
| 20:28 | Archer |
| Right click | 603 |
| Select | 160 |
| Build/train/purchase | 75 |
| Assign group | 19 |
| Select group | 16 |
| Use ability | 15 |
| Minimap ping | 7 |
| Misc. action | 3 |
| Remove unit | 2 |

| Wisp | 24 | 1440 | / | 0 |
| Archer | 8 | 1040 | / | 80 |
| Huntress | 6 | 1170 | / | 120 |
| Druid of the Talon | 5 | 725 | / | 100 |
| Hippogryph | 3 | 480 | / | 60 |
| Forest Troll Shadow Priest | 1 | 195 | / | 10 |
| total: | 47 | 5050g | / | 370w |
| Moon Well | 7 | 1260 | / | 280 |
| Altar of Elders | 1 | 180 | / | 50 |
| Ancient of War | 2 | 300 | / | 120 |
| Ancient of Wonders | 1 | 90 | / | 30 |
| Hunter's Hall | 1 | 210 | / | 100 |
| Tree of Life | 2 | 680 | / | 370 |
| Ancient of Wind | 3 | 450 | / | 420 |
| Tree of Ages | 1 | 320 | / | 180 |
| Tree of Eternity | 1 | 330 | / | 200 |
| total: | 17 | 3170g | / | 1370w |
| 0:03 | Wisp |
| 0:04 | Wisp |
| 0:16 | Wisp |
| 0:31 | Wisp |
| 0:41 | Wisp |
| 0:54 | Moon Well |
| 0:59 | Altar of Elders |
| 1:02 | Wisp |
| 1:07 | Wisp |
| 1:11 | Ancient of War |
| 1:22 | Ancient of War |
| 1:24 | Wisp |
| 1:27 | Wisp |
| 1:30 | Wisp |
| 1:38 | Wisp |
| 2:06 | Moon Well |
| 2:08 | Wisp |
| 2:16 | Ancient of Wonders |
| 2:21 | Archer |
| 2:38 | Wisp |
| 2:46 | Hunter's Hall |
| 2:57 | Archer |
| 3:04 | Force of Nature |
| 3:19 | Wisp |
| 3:40 | Moon Well |
| 3:54 | Huntress |
| 4:19 | Tree of Life |
| 4:26 | Huntress |
| 4:26 | Huntress |
| 4:26 | Huntress |
| 4:50 | Thorns Aura |
| 5:07 | Moon Well |
| 5:08 | Moon Armor |
| 5:38 | Huntress |
| 6:21 | Force of Nature |
| 6:29 | Tree of Ages |
| 6:30 | Strength of the Moon |
| 7:41 | Huntress |
| 7:45 | Wisp |
| 7:46 | Wisp |
| 7:46 | Wisp |
| 7:46 | Wisp |
| 7:46 | Wisp |
| 7:50 | Moon Well |
| 8:33 | Forest Troll Shadow Priest |
| 8:46 | Wisp |
| 9:01 | Moon Well |
| 9:14 | Wisp |
| 9:14 | Wisp |
| 9:14 | Wisp |
| 9:15 | Wisp |
| 9:17 | Ancient of Wind |
| 9:21 | Ancient of Wind |
| 9:23 | Ancient of Wind |
| 9:33 | Thorns Aura |
| 9:56 | Improved Bows |
| 9:58 | Moon Glaive |
| 9:59 | Sentinel |
| 10:22 | Strength of the Wild |
| 10:23 | Reinforced Hides |
| 10:28 | Tree of Eternity |
| 10:29 | Druid of the Talon Adept Training |
| 10:32 | Druid of the Talon |
| 10:32 | Druid of the Talon |
| 11:15 | Druid of the Talon |
| 11:15 | Druid of the Talon |
| 11:31 | Archer |
| 11:58 | Archer |
| 12:15 | Archer |
| 12:22 | Hippogryph |
| 12:50 | Marksmanship |
| 12:54 | Hippogryph |
| 13:33 | Druid of the Talon Master Training |
| 13:34 | Improved Reinforced Hides |
| 13:55 | Hippogryph |
| 14:18 | Tree of Life |
| 14:46 | Moon Well |
| 15:11 | Mark of the Talon |
| 15:29 | Druid of the Talon |
| 16:00 | Archer |
| 16:44 | Archer |
| 16:46 | Archer |
| Right click | 454 |
| Select | 226 |
| Select group | 199 |
| Misc. action | 195 |
| Build/train/purchase | 70 |
| Chat | 42 |
| Use ability | 16 |
| Assign group | 15 |
| Minimap ping | 5 |
| Item give/drop | 2 |

| Wisp | 27 | 1620 | / | 0 |
| Archer | 14 | 1820 | / | 140 |
| Huntress | 12 | 2340 | / | 240 |
| Glaive Thrower | 3 | 630 | / | 195 |
| Druid of the Claw | 3 | 765 | / | 240 |
| Dryad | 2 | 290 | / | 120 |
| total: | 61 | 7465g | / | 935w |
| Ancient Protector | 4 | 540 | / | 320 |
| Altar of Elders | 1 | 180 | / | 50 |
| Moon Well | 7 | 1260 | / | 280 |
| Hunter's Hall | 1 | 210 | / | 100 |
| Ancient of War | 1 | 150 | / | 60 |
| Tree of Life | 2 | 680 | / | 370 |
| Ancient of Lore | 1 | 155 | / | 145 |
| Chimaera Roost | 1 | 140 | / | 190 |
| Tree of Ages | 1 | 320 | / | 180 |
| Tree of Eternity | 1 | 330 | / | 200 |
| total: | 18 | 3315g | / | 1515w |
| 0:05 | Wisp |
| 0:05 | Wisp |
| 0:06 | Wisp |
| 0:06 | Wisp |
| 0:06 | Wisp |
| 0:25 | Altar of Elders |
| 0:53 | Moon Well |
| 1:32 | Hunter's Hall |
| 2:09 | Ancient of War |
| 2:12 | Wisp |
| 2:12 | Wisp |
| 2:38 | Moon Well |
| 2:56 | Fan of Knives |
| 3:08 | Strength of the Moon |
| 3:14 | Archer |
| 3:15 | Archer |
| 3:15 | Archer |
| 3:47 | Ancient Protector |
| 4:13 | Huntress |
| 4:15 | Huntress |
| 4:24 | Moon Armor |
| 5:35 | Glaive Thrower |
| 5:36 | Huntress |
| 5:36 | Archer |
| 6:07 | Shadow Strike |
| 6:32 | Moon Well |
| 6:54 | Tree of Ages |
| 7:01 | Archer |
| 7:02 | Archer |
| 7:03 | Archer |
| 7:26 | Moon Well |
| 8:25 | Moon Well |
| 9:32 | Wisp |
| 9:32 | Wisp |
| 9:32 | Wisp |
| 9:33 | Wisp |
| 9:33 | Wisp |
| 10:09 | Tree of Life |
| 10:18 | Tree of Life |
| 10:27 | Ancient of Lore |
| 11:08 | Huntress |
| 11:08 | Huntress |
| 11:09 | Huntress |
| 11:09 | Huntress |
| 11:45 | Wisp |
| 11:45 | Wisp |
| 11:45 | Wisp |
| 11:45 | Wisp |
| 11:50 | Druid of the Claw Adept Training |
| 11:52 | Abolish Magic |
| 12:20 | Wisp |
| 12:20 | Wisp |
| 12:20 | Wisp |
| 12:20 | Wisp |
| 12:38 | Reinforced Hides |
| 12:40 | Strength of the Wild |
| 13:04 | Druid of the Claw |
| 13:08 | Dryad |
| 13:17 | Moon Well |
| 14:07 | Wisp |
| 14:07 | Wisp |
| 14:07 | Wisp |
| 14:24 | Moon Well |
| 14:26 | Dryad |
| 14:56 | Wisp |
| 14:56 | Wisp |
| 14:56 | Wisp |
| 14:57 | Wisp |
| 15:03 | Tree of Eternity |
| 15:07 | Druid of the Claw |
| 15:07 | Druid of the Claw |
| 15:24 | Ancient Protector |
| 17:05 | Glaive Thrower |
| 17:06 | Glaive Thrower |
| 17:08 | Huntress |
| 17:08 | Huntress |
| 17:08 | Huntress |
| 17:08 | Huntress |
| 17:08 | Huntress |
| 17:45 | Chimaera Roost |
| 17:56 | Ancient Protector |
| 17:59 | Ancient Protector |
| 18:03 | Druid of the Claw Master Training |
| 18:18 | Archer |
| 18:18 | Archer |
| 18:18 | Archer |
| 18:18 | Archer |
| 18:18 | Archer |
| 18:18 | Archer |
| 18:19 | Archer |
| Right click | 548 |
| Select | 156 |
| Build/train/purchase | 82 |
| Use ability | 11 |
| Minimap ping | 2 |
⇛